 Dungeon Crawl Stone Soup version 0.20.1-1-g8b1a95d (webtiles) character file.

282506 Amaterasu the Earth Mage (level 19, -41/114 HPs)
             Began as a Deep Elf Conjurer on Jan 3, 2018.
             Was the Champion of Vehumet.
             Killed from afar by an ice dragon (70 damage)
             ... with a blast of cold
             ... on level 3 of the Vaults.
             The game lasted 04:33:51 (44273 turns).

Amaterasu the Earth Mage (Deep Elf Conjurer)       Turns: 44273, Time: 04:33:52

Health: -41/114    AC: 18    Str:  7    XL:     19   Next: 73%
Magic:  10/44      EV: 23    Int: 39    God:    Vehumet [******]
Gold:   2511       SH:  5    Dex: 15    Spells: 6/57 levels left

rFire    + + .     SeeInvis .   Z - staff of conjuration
rCold    x x .     Gourm    .   a - +0 buckler
rNeg     . . .     Faith    .   J - +2 robe {Archmagi}
rPois    +         Spirit   .   X - +2 hat
rElec    .         Reflect  .   w - +1 cloak {+Inv}
rCorr    .         Harm     .   s - +2 pair of gloves
MR       +....                  F - +2 pair of boots {Fly}
Stlth    ++........             C - amulet "Joloska" {+Blink rC- Regen+ Str+2 Int+4}
Regen    0.7/turn               O - ring of wizardry
MPRegen  0.3/turn               o - ring "Temir" {Fire *Corrode +Inv rPois Int+6}

@: flying
A: icy blue scales 1, iridescent scales 1, fire resistance 1
}: 2/15 runes: barnacled, gossamer
a: Renounce Religion, Evoke Blink, Evoke Invisibility, Stop Flying


You were on level 3 of the Vaults.
You worshipped Vehumet.
Vehumet was exalted by your worship.
You were not hungry.

You visited 7 branches of the dungeon, and saw 35 of its levels.
You also visited: Labyrinth and Ice Cave.

You collected 3674 gold pieces.
You spent 1163 gold pieces at shops.

Inventory:

Armour
 a - a +0 buckler (worn)
 s - a +2 pair of gloves (worn)
 w - a +1 cloak of invisibility (worn)
 F - a +2 pair of boots of flying (worn)
 J - a +2 robe of the Archmagi (worn)
 X - a +2 hat (worn)
Magical Staves
 Z - an uncursed staff of conjuration (weapon)
Jewellery
 o - the ring "Temir" (right hand) {Fire *Corrode +Inv rPois Int+6}
   (You acquired it on level 2 of the Vaults)

   [ring of fire]

   It enhances your fire magic.
   It affects your intelligence (+6).
   It protects you from fire.
   It makes you vulnerable to cold.
   It protects you from poison.
   It lets you turn invisible.
   It may corrode you when you take damage.
 A - an uncursed ring of see invisible
 C - the amulet "Joloska" (around neck) {+Blink rC- Regen+ Str+2 Int+4}
   (You acquired it on level 2 of the Vaults)

   [amulet of regeneration]

   It affects your strength (+2).
   It affects your intelligence (+4).
   It makes you vulnerable to cold.
   It lets you blink.
   It increases your rate of regeneration.
 L - an uncursed ring of protection from cold
 O - a ring of wizardry (left hand)
 W - an uncursed ring of positive energy
Wands
 B - a wand of digging (7/24)
 I - a wand of acid (11/15)
 R - a wand of digging (12/24)
 S - a wand of scattershot (5/9)
Scrolls
 f - 11 scrolls of enchant weapon
 g - 2 scrolls of teleportation
 l - 6 scrolls of recharging
 p - 12 scrolls of remove curse
 r - 2 scrolls of magic mapping
 u - 4 scrolls of immolation
 z - 2 scrolls of fog
 E - 7 scrolls of identify
 K - 4 scrolls of fear
 M - 7 scrolls of enchant armour
 P - 2 scrolls of amnesia
 Q - 4 scrolls of blinking
Potions
 b - a potion of cancellation
 d - 5 potions of heal wounds
 e - a potion of invisibility
 h - 12 potions of curing
 i - 2 potions of berserk rage
 k - 6 potions of brilliance
 m - 11 potions of haste
 n - 4 potions of lignification
 t - 4 potions of agility
 D - 6 potions of might
 N - 6 potions of mutation
Books
 x - a book of Misfortune

   Spells                             Type                      Level
   a - Confusing Touch                Hexes                        1
   b - Confuse                        Hexes                        3
   c - Gell's Gravitas                Translocation                3
   d - Petrify                        Transmutation/Earth          4
   e - Metabolic Englaciation         Hexes/Ice                    5
   f - Yara's Violent Unravelling     Hexes/Transmutation          5
 y - the Papyrus of Lethal Companions
   (You found it in a labyrinth)

   Spells                             Type                      Level
   a - Animate Skeleton               Necromancy                   1
   b - Call Canine Familiar           Summoning                    3
   c - Recall                         Summoning/Translocation      3
   d - Animate Dead                   Necromancy                   4
   e - Dragon's Call                  Summoning                    9
 G - the Papyrus of Transmutation
   (You found it on level 3 of the Lair of Beasts)

   Spells                             Type                      Level
   a - Beastly Appendage              Transmutation                1
   b - Sticks to Snakes               Transmutation                2
   c - Ignite Poison                  Fire/Transmutation/Poison    3
   d - Statue Form                    Transmutation/Earth          6
 H - a book of the Earth

   Spells                             Type                      Level
   a - Leda's Liquefaction            Hexes/Earth                  4
   b - Bolt of Magma                  Conjuration/Fire/Earth       5
   c - Statue Form                    Transmutation/Earth          6
   d - Iron Shot                      Conjuration/Earth            6
   e - Shatter                        Earth                        9
Miscellaneous
 U - 2 phantom mirrors
Comestibles
 c - 20 bread rations
 j - 18 meat rations
 T - 10 royal jellies
 V - 7 fruits


   Skills:
 - Level 11.1 Fighting
 - Level 3.0 Armour
 - Level 14.9 Dodging
 - Level 2.4 Stealth
 - Level 5.0 Shields
 - Level 19.6 Spellcasting
 - Level 13.6 Conjurations
   Level 5.9 Hexes
 - Level 6.2 Charms
 - Level 10.0 Summonings
 - Level 10.3 Fire Magic
 + Level 19.8 Earth Magic
 - Level 3.4 Evocations


You had 6 spell levels left.
You knew the following spells:

 Your Spells              Type           Power        Failure   Level  Hunger
a - Iron Shot             Conj/Erth      #########.   1%          6    None
b - Shatter               Erth           ########..   1%          9    #####..
c - Spellforged Servitor  Conj/Summ      ########..   1%          7    None
d - Iskenderun's Mystic   Conj           ########     1%          4    None
e - Fire Storm            Conj/Fire      #########.   34%         9    #####..
f - Shroud of Golubria    Chrm/Tloc      #######...   1%          2    None
g - Regeneration          Chrm/Necr      #######...   1%          3    None
k - Lee's Rapid Deconstr  Erth           ########..   0%          5    None
l - Bolt of Fire          Conj/Fire      #########.   1%          6    None


Dungeon Overview and Level Annotations

Branches:
Dungeon (15/15)            Temple (1/1) D:5            Lair (6/6) D:11
 Shoals (4/4) Lair:2       Spider (4/4) Lair:2        Slime (0/5) Lair:6
    Orc (2/2) D:12            Elf (0/3) Orc:2        Vaults (3/5) D:13
  Crypt (0/3) Vaults:2     Depths (0/5) D:15

Altars:
Ashenzari
Cheibriados
Dithmenos
Elyvilon
Fedhas
Gozag
Hepliaklqana
Kikubaaqudgha
Makhleb
Nemelex Xobeh
Qazlal
Sif Muna
Trog
Uskayaw
Vehumet
Xom
Yredelemnul
The Shining One
Beogh
Jiyva

Shops:
D:6 %[   D:7 (   D:11 %   D:12 :%}   D:15 (   Orc:1 ?   Orc:2 ([([   Vaults:2 :


Innate Abilities, Weirdness & Mutations

You are partially covered in icy blue scales. (AC +2)
You are partially covered in iridescent scales. (AC +2)
Your flesh is heat resistant. (rF+)


Message History

The ice dragon breathes frost at you. The blast of cold hits you!
You feel a terrible chill!
Ouch! That really hurt!
* * * LOW HITPOINT WARNING * * *
Your spellforged servitor gestures at the ice dragon while chanting.
The bolt of fire hits the ice dragon.
The ice dragon is burned terribly!
Vehumet accepts your kill.
You feel a bit more experienced.
An ironheart preserver comes into view. It is wielding a flail.
Casting: Bolt of Fire
Confirm with . or Enter, or press ? or * to list all spells.
Aiming: Iron Shot
Press: ? - help, Shift-Dir - straight line, f - ice dragon
Aim: an ice dragon (heavily wounded, catching its breath)
You feel a strong surge of power!
The iron shot hits the ice dragon.
The ice dragon is almost dead.
The ice dragon breathes frost at you. The blast of cold hits you!
You feel a terrible chill!
Ouch! That really hurt!
You die...

#.... #.... #### #....
#..# #.... #..# ###'###
##..## ##.#.'.#
+#########...†####..#.#.#
......'8.......^.###'.#.'
.....)).@........+....'..
...()D####....#####'#####
..p.. ##..## .... ....
#..# ####.# ..) #..# .'.
.. #### '.# . ###


You could see an ironheart preserver, an ice dragon and a friendly spellforged
servitor.

Vanquished Creatures
  Rupert (D:12)
  3 krakens
  Kirke (D:13)
  Roxanne (Spider:4)
  Ilsuiw (Shoals:4)
  A fire giant (D:15)
  2 ghost moths
  An orc warlord (Orc:2)
  5 vault wardens
  2 emperor scorpions
  3 entropy weavers
  A war gargoyle (Vaults:1)
  4 ironheart preservers
  2 stone giants
  A deep elf annihilator (Vaults:2)
  A spark wasp (Spider:4)
  Snorg (Lair:5)
  3 merfolk javelineers (Shoals:4)
  6 merfolk impalers
  Josephine (D:12)
  A fire dragon (Vaults:1)
  A minotaur (Lab)
  2 blizzard demons (IceCv)
  3 yaktaur captains
  9 ogre magi
  A vault guard (Vaults:3)
  A rakshasa (Vaults:1)
  7 hydras
  A catoblepas (D:15)
  5 centaur warriors
  An alligator snapping turtle (Shoals:4)
  25 two-headed ogres
  2 merfolk avatars
  2 satyrs (Shoals:4)
  4 merfolk aquamancers
  2 death knights
  8 death yaks (Lair:6)
  A tengu warrior (D:15)
  Urug (D:12)
  An orc high priest (Orc:2)
  3 deep elf knights
  5 deep trolls
  2 flayed ghosts
  5 unseen horrors
  2 deep elf archers
  3 wizards
  A phantasmal warrior (D:15)
  A swamp dragon (shapeshifter) (D:13)
  11 orc knights
  18 harpies
  6 ironbrand convokers
  4 sea snakes
  The ghost of Tiamon the Cleaver, a novice MiFi (D:6)
  4 lindwurms (Lair:4)
  4 oklob plants (Lair:3)
  7 cyclopes
  21 wolf spiders
  21 orb spiders
  A mana viper (shapeshifter) (Vaults:3)
  5 orc sorcerers
  An orb spider (shapeshifter) (D:13)
  12 ugly things
  4 deep elf magi
  16 fauns
  A salamander (shapeshifter) (D:13)
  An elephant (shapeshifter) (D:13)
  Maurice (D:12)
  14 manticores
  Joseph (D:8)
  15 elephants
  7 vault sentinels
  2 moths of wrath
  3 water nymphs
  5 gargoyles
  7 merfolk sirens
  4 black mambas
  17 spiny frogs
  A water nymph (shapeshifter) (Vaults:2)
  4 torpor snails
  11 freezing wraiths
  7 komodo dragons
  9 demonic crawlers
  26 yaktaurs
  8 rime drakes
  A komodo dragon (shapeshifter) (D:15)
  4 kobold demonologists
  5 anaconda simulacra (IceCv)
  6 ice devils (IceCv)
  3 tengu conjurers
  A golden dragon simulacrum (IceCv)
  25 jumping spiders
  A jumping spider (shapeshifter) (Vaults:1)
  A minotaur zombie (Lab)
  3 polar bears (Lair:6)
  Grinder (D:3)
  10 trolls
  A wind drake (shapeshifter) (D:13)
  15 merfolk
  4 wind drakes (Shoals:1)
  A hornet (shapeshifter) (D:15)
  9 slime creatures
  4 hornets
  19 blink frogs
  5 snapping turtles
  A frost giant simulacrum (Vaults:2)
  18 dream sheep
  10 hippogriffs
  2 shadows (Lab)
  58 redbacks
  2 centaur simulacra
  24 tarantellas
  A dire elephant simulacrum (IceCv)
  38 yaks
  3 wyverns
  8 water elementals
  10 wraiths
  3 hogs
  8 basilisks
  3 hungry ghosts
  3 vampire mosquitoes (D:14)
  Grum (D:9)
  3 iron troll simulacra (IceCv)
  A redback simulacrum (D:15)
  2 wargs (Orc:2)
  A naga (shapeshifter) (Vaults:2)
  An acid dragon (Vaults:2)
  A soldier ant (D:14)
  16 water moccasins
  3 hydra simulacra (IceCv)
  8 porcupines
  30 orc warriors
  4 ice beasts
  2 necrophages (D:7)
  3 phantoms
  A sky beast (D:14)
  6 boggarts (Vaults:1)
  An eye of draining (shapeshifter) (Vaults:2)
  2 eyes of draining
  38 ogres
  16 crocodiles
  16 wolves
  21 centaurs
  The ghost of Amaterasu the Vandal, an amateur HaHu (D:3)
  6 big kobolds
  A gnoll sergeant (D:12)
  24 bullfrogs
  A wyvern zombie (D:9)
  A glowing shapeshifter simulacrum (Vaults:3)
  8 scorpions
  A human simulacrum (Vaults:3)
  A troll zombie (D:12)
  4 killer bees (D:13)
  2 electric eels (Spider:2)
  15 wights
  5 howler monkeys
  6 crimson imps
  2 draconian simulacra (IceCv)
  2 centaur zombies
  10 hounds
  7 jellies
  23 orc wizards
  Crazy Yiuf (D:4)
  16 orc priests
  6 centaur skeletons
  4 bullfrog skeletons
  2 iguanas
  2 polar bear simulacra (IceCv)
  3 troll simulacra (IceCv)
  9 worker ants
  A killer bee zombie (D:5)
  7 ogre zombies (D:12)
  4 hound skeletons
  13 gnolls
  16 adders
  2 naga simulacra (IceCv)
  An ogre simulacrum (IceCv)
  3 shadow imps (D:8)
  2 white imps (IceCv)
  3 ufetubi (IceCv)
  An ooze (D:4)
  2 adder skeletons
  2 worms
  A dart slug (D:3)
  5 leopard geckos
  89 orcs
  2 ball pythons
  7 bats
  5 giant cockroaches
  10 goblins
  7 hobgoblins
  14 jackals
  21 kobolds
  4 quokkas
  5 frilled lizards
  2 goblin zombies (D:12)
  2 hobgoblin zombies (D:12)
  A jackal skeleton (D:5)
  A jackal zombie (D:7)
  A leopard gecko skeleton (D:4)
  A leopard gecko zombie (D:7)
  3 orc skeletons (D:12)
  18 orc zombies (D:12)
  A quokka zombie (D:6)
  7 rats
  2 fungi
  12 plants
  4 tentacles
1354 creatures vanquished.

Vanquished Creatures (collateral kills)
  A kraken (Shoals:4)
  4 vault wardens
  An emperor scorpion (Spider:4)
  2 ironheart preservers
  A stone giant (Vaults:2)
  A deep elf death mage (Vaults:1)
  A merfolk javelineer (Shoals:4)
  A yaktaur captain (Vaults:2)
  2 ogre magi
  2 merfolk impalers (Shoals:4)
  A great orb of eyes (Vaults:2)
  A vault guard (Vaults:2)
  A merfolk aquamancer (Shoals:4)
  A centaur warrior (Vaults:3)
  A merfolk avatar (Shoals:4)
  A satyr (Shoals:4)
  8 two-headed ogres
  A deep troll earth mage (Vaults:1)
  A deep elf knight (Vaults:1)
  5 sea snakes
  An orc knight (Vaults:2)
  A deep elf archer (Vaults:1)
  3 harpies
  2 orb spiders (Spider:4)
  An ironbrand convoker (Vaults:1)
  7 wolf spiders
  9 fauns
  2 cyclopes
  3 deep elf magi
  3 ugly things (Vaults:1)
  2 manticores
  A water nymph (Shoals:1)
  2 merfolk sirens (Shoals:4)
  6 yaktaurs
  3 demonic crawlers
  A freezing wraith (Vaults:3)
  An ice devil (IceCv)
  9 jumping spiders (Spider:4)
  A troll (Vaults:1)
  9 merfolk
  A dream sheep (Shoals:4)
  4 snapping turtles
  6 slime creatures
  2 hippogriffs
  9 redbacks (Spider:4)
  5 tarantellas (Spider:4)
  5 water elementals
  2 dire elephant simulacra (IceCv)
  2 wargs
  An acid dragon (Vaults:2)
  A water moccasin (D:2)
  4 orc warriors
  An alligator simulacrum (IceCv)
  5 ogres
  A big kobold (D:2)
  2 draconian simulacra (IceCv)
  A wolf simulacrum (IceCv)
  A naga simulacrum (IceCv)
  2 white imps (IceCv)
  2 ufetubi (IceCv)
  2 orcs
  2 tentacles
165 creatures vanquished.

Vanquished Creatures (others)
  7 fulminant prisms
  14 fungi
  14 plants
  23 tentacles
58 creatures vanquished.

Grand Total: 1577 creatures vanquished

Notes
Turn   | Place    | Note
-------+----------+-------------------------------------------
     0 | D:1      | Amaterasu the Deep Elf Conjurer began the quest for the Orb.
     0 | D:1      | Reached XP level 1. HP: 10/10 MP: 6/6
    84 | D:1      | Reached XP level 2. HP: 15/15 MP: 0/8
   105 | D:1      | Learned a level 2 spell: Searing Ray
   209 | D:1      | You fall through a shaft!
   221 | D:2      | Reached skill level 5 in Conjurations
   740 | D:1      | Reached XP level 3. HP: 19/19 MP: 4/9
   776 | D:1      | Learned a level 3 spell: Dazzling Spray
   982 | D:2      | Found a transporter.
   984 | D:2      | Found a basalt altar of Yredelemnul.
   984 | D:2      | Found a transporter.
   988 | D:2      | Noticed a water moccasin
   990 | D:2      | Noticed a big kobold
  1484 | D:2      | Found a white marble altar of Elyvilon.
  1497 | D:2      | Reached skill level 1 in Fighting
  1557 | D:2      | Reached XP level 4. HP: 26/26 MP: 4/10
  2084 | D:3      | Reached XP level 5. HP: 31/31 MP: 3/11
  2120 | D:3      | Noticed Amaterasu's ghost (amateur HaHu)
  2265 | D:3      | Found a glowing golden altar of the Shining One.
  2298 | D:3      | Killed Amaterasu's ghost
  2372 | D:3      | Noticed Grinder
  2387 | D:3      | Paralysed by Grinder for 2 turns
  2653 | D:3      | Learned a level 4 spell: Iskenderun's Mystic Blast
  2697 | D:3      | Killed Grinder
  2697 | D:3      | Reached XP level 6. HP: 18/38 MP: 1/12
  2865 | D:3      | Found a hazy altar of Hepliaklqana.
  2865 | D:3      | Found a burning altar of Makhleb.
  2999 | D:4      | Reached XP level 7. HP: 42/42 MP: 6/13
  3388 | D:4      | Found a shadowy altar of Dithmenos.
  3652 | D:4      | Reached skill level 5 in Dodging
  3733 | D:4      | Found a runed door.
  3922 | D:4      | Reached XP level 8. HP: 32/48 MP: 3/14
  4156 | D:4      | Noticed Crazy Yiuf
  4160 | D:4      | Killed Crazy Yiuf
  4213 | D:5      | Entered Level 5 of the Dungeon
  4442 | D:5      | Got a pitted leather armour
  4453 | D:5      | Identified the cursed +1 leather armour of a labyrinth {Int+5 Stlth+} (You found it on level 5 of the Dungeon)
  4611 | D:5      | Found a staircase to the Ecumenical Temple.
  4620 | Temple   | Entered the Ecumenical Temple
  4645 | Temple   | Became a worshipper of Vehumet
  4784 | D:5      | Reached skill level 5 in Spellcasting
  4822 | D:5      | Learned a level 4 spell: Fulminant Prism
  4867 | D:5      | Reached skill level 1 in Hexes
  5221 | D:6      | Noticed Tiamon's ghost (novice MiFi)
  5245 | D:6      | Found Qeffos's Food Shoppe.
  5255 | D:6      | Reached XP level 9. HP: 24/52 MP: 13/22
  5695 | D:6      | Killed Tiamon's ghost
  5695 | D:6      | Reached skill level 5 in Hexes
  5754 | D:6      | Reached skill level 1 in Evocations
  5952 | D:6      | Reached skill level 5 in Fighting
  5986 | D:6      | Learned a level 2 spell: Shroud of Golubria
  5990 | D:6      | Learned a level 3 spell: Regeneration
  5994 | D:6      | Learned a level 3 spell: Spectral Weapon
  6048 | D:6      | Reached skill level 1 in Charms
  6048 | D:6      | Reached * piety under Vehumet
  6048 | D:6      | Offered knowledge of Flame Tongue by Vehumet.
  6052 | D:6      | Learned a level 1 spell: Flame Tongue
  6434 | D:6      | Found Ysyotzig's Antique Armour Boutique.
  6437 | D:6      | Bought a faintly glowing scarf for 290 gold pieces
  6447 | D:6      | Identified the scarf of Midsummer {Str+2 Slay+2} (You bought it in a shop on level 6 of the Dungeon)
  6802 | D:7      | Found a stormy altar of Qazlal.
  6868 | D:7      | Reached skill level 5 in Charms
  6872 | D:7      | Reached ** piety under Vehumet
  6946 | D:7      | Offered knowledge of Sting by Vehumet.
  6957 | D:7      | Reached XP level 10. HP: 60/60 MP: 19/25
  7119 | D:7      | Found Dotall's Weapon Shoppe.
  7503 | D:8      | Noticed Joseph
  7641 | D:8      | Offered knowledge of Mephitic Cloud by Vehumet.
  7652 | D:7      | Learned a level 3 spell: Mephitic Cloud
  7939 | D:8      | Noticed a two-headed ogre
  7953 | D:8      | Killed a two-headed ogre
  8213 | D:8      | Reached *** piety under Vehumet
  8243 | D:8      | Found a shattered altar of Ashenzari.
  8296 | D:8      | Killed Joseph
  8544 | D:8      | Gained mutation: You expend magic power (3 MP) to strengthen your wands. [potion of mutation]
  8544 | D:8      | Gained mutation: Your spells are a little harder to cast, but a little more powerful. [potion of mutation]
  8545 | D:8      | Lost mutation: Your spells are a little harder to cast, but a little more powerful. [potion of mutation]
  8545 | D:8      | Gained mutation: You are partially covered in iridescent scales. (AC +2) [potion of mutation]
  8545 | D:8      | Lost mutation: You expend magic power (3 MP) to strengthen your wands. [potion of mutation]
  8545 | D:8      | Gained mutation: Your flesh is heat resistant. (rF+) [potion of mutation]
  8545 | D:8      | Gained mutation: You are partially covered in icy blue scales. (AC +2) [potion of mutation]
  8642 | D:6      | Bought a pair of glowing boots for 217 gold pieces
  8642 | D:6      | Bought a slimy leather armour for 203 gold pieces
  8664 | D:6      | Identified the +3 leather armour of Action {-Tele rF++ Int+6} (You bought it in a shop on level 6 of the Dungeon)
  8801 | D:9      | Found a blossoming altar of Fedhas.
  8834 | D:9      | Offered knowledge of Conjure Flame by Vehumet.
  9216 | D:9      | Noticed Grum
  9469 | D:9      | Reached skill level 10 in Conjurations
  9528 | D:9      | Killed Grum
  9528 | D:9      | Reached XP level 11. HP: 68/68 MP: 16/26
  9645 | D:9      | Found a bloodstained altar of Trog.
 10160 | D:10     | Entered Level 10 of the Dungeon
 10254 | D:10     | Reached **** piety under Vehumet
 10355 | D:10     | Offered knowledge of Lee's Rapid Deconstruction by Vehumet.
 10877 | D:10     | Found a shimmering altar of Xom.
 10994 | D:10     | Reached skill level 10 in Spellcasting
 11101 | D:10     | Noticed an unseen horror
 11103 | D:10     | Killed an unseen horror
 11110 | D:10     | Learned a level 5 spell: Lee's Rapid Deconstruction
 11368 | D:11     | Reached skill level 1 in Earth Magic
 11692 | D:11     | Found a staircase to the Lair.
 11954 | D:11     | Noticed a two-headed ogre
 11963 | D:11     | Killed a two-headed ogre
 11963 | D:11     | Reached ***** piety under Vehumet
 11963 | D:11     | Reached skill level 5 in Earth Magic
 11995 | D:11     | Found Ruel's Food Shoppe.
 12133 | D:11     | Offered knowledge of Bolt of Fire by Vehumet.
 12383 | Lair:1   | Entered Level 1 of the Lair of Beasts
 12926 | Lair:1   | Reached XP level 12. HP: 51/73 MP: 14/30
 13399 | Lair:2   | Found a labyrinth entrance.
 13409 | Lab      | Entered a labyrinth
 13538 | Lab      | Learned a level 6 spell: Bolt of Fire
 13984 | Lab      | Noticed a minotaur
 13987 | Lab      | Killed a minotaur
 14012 | Lab      | Identified the Papyrus of Lethal Companions
 14066 | Lab      | Got a bloodstained ring mail
 14093 | Lab      | Identified the +4 ring mail "Xunoucs" {rElec Dex+9} (You found it in a labyrinth)
 14232 | Lair:2   | Found an opulent altar of Gozag.
 14247 | Lair:2   | Identified a scroll of acquirement
 14252 | Lair:2   | Found a staircase to the Shoals.
 14521 | Lair:2   | Found a hole to the Spider Nest.
 14597 | Lair:2   | Noticed a five-headed hydra
 14606 | Lair:2   | Killed a five-headed hydra
 14606 | Lair:2   | Reached skill level 5 in Fire Magic
 15652 | Lair:3   | Noticed a six-headed hydra
 15657 | Lair:3   | Killed a six-headed hydra
 16599 | Lair:3   | Identified the Papyrus of Transmutation
 16602 | Lair:3   | Identified Nutzuij's Reference Book on Icy Transformation
 16725 | Lair:4   | Reached XP level 13. HP: 48/80 MP: 27/32
 16976 | Lair:4   | Reached skill level 10 in Dodging
 16985 | Lair:4   | Got a serpentine ivory ring
 16987 | Lair:4   | Identified the ring of Ruoghir {MR+ AC+3 Slay+6} (You found it on level 4 of the Lair of Beasts)
 18749 | Lair:5   | Noticed Snorg
 18755 | Lair:5   | Killed Snorg
 19955 | Lair:6   | Entered Level 6 of the Lair of Beasts
 20112 | Lair:6   | Reached XP level 14. HP: 86/86 MP: 22/34
 20188 | Lair:6   | Reached skill level 15 in Spellcasting
 21336 | Lair:6   | Got a steaming wooden ring
 21344 | Lair:6   | Identified the ring "Uhotanin" {MR+ Str+3} (You found it on level 6 of the Lair of Beasts)
 21517 | Lair:6   | Found a viscous altar of Jiyva.
 21517 | Lair:6   | Found a staircase to the Slime Pits.
 21661 | D:12     | Offered knowledge of Sticky Flame by Vehumet.
 21662 | D:12     | Found a staircase to the Orcish Mines.
 21800 | D:12     | Found Ninneur's Book Boutique.
 21804 | D:12     | Noticed Urug
 21808 | D:12     | Killed Urug
 21839 | D:12     | Reached ****** piety under Vehumet
 22013 | D:12     | Noticed Josephine
 22048 | D:12     | Killed Josephine
 22148 | D:12     | Found Asuder's Gadget Emporium.
 22268 | D:12     | Found Pilyad Muq's Food Boutique.
 22276 | D:12     | Noticed Maurice
 22284 | D:12     | Killed Maurice
 22602 | D:12     | Noticed Rupert
 22605 | D:12     | Killed Rupert
 22693 | D:13     | Noticed Kirke
 22845 | D:13     | Found a white marble altar of Elyvilon.
 23008 | D:13     | Reached XP level 15. HP: 75/90 MP: 17/38
 23112 | D:13     | Found a gate to the Vaults.
 23447 | D:13     | Offered knowledge of Iron Shot by Vehumet.
 23464 | D:13     | Learned a level 6 spell: Iron Shot
 23589 | D:13     | Killed Kirke
 23653 | D:13     | Found a runed door.
 23756 | D:13     | Got an encrusted dagger
 23757 | D:13     | Identified the cursed +2 dagger "Campup" {freeze, rElec rPois rN+} (You found it on level 13 of the Dungeon)
 23764 | D:13     | Got a scorched leather armour
 23775 | D:13     | Identified the +0 leather armour of Elirch {Int+3} (You found it on level 13 of the Dungeon)
 24348 | D:15     | Entered Level 15 of the Dungeon
 24507 | D:15     | Reached skill level 1 in Shields
 24754 | D:15     | Found a staircase to the Depths.
 24754 | D:15     | Noticed a fire giant
 24761 | D:15     | Killed a fire giant
 25359 | D:15     | Reached skill level 5 in Shields
 25459 | D:15     | Reached skill level 10 in Fighting
 25654 | D:15     | Found Byocwip's Weapon Boutique.
 25833 | Orc:1    | Entered Level 1 of the Orcish Mines
 25839 | Orc:1    | Offered knowledge of Bolt of Magma by Vehumet.
 25984 | Orc:1    | Found Hamn's Magic Scroll Emporium.
 26034 | Orc:2    | Entered Level 2 of the Orcish Mines
 26034 | Orc:2    | Found a staircase to the Elven Halls.
 26126 | Orc:2    | Found a roughly hewn altar of Beogh.
 26126 | Orc:2    | Found Curorux's Weapon Shoppe.
 26258 | Orc:2    | Found a roughly hewn altar of Beogh.
 26363 | Orc:2    | Found a roughly hewn altar of Beogh.
 26587 | Orc:2    | Found a roughly hewn altar of Beogh.
 26595 | Orc:2    | Found Pufeanie's Armour Boutique.
 26641 | Orc:2    | Found a roughly hewn altar of Beogh.
 26837 | Orc:2    | Noticed an orc warlord
 27013 | Orc:2    | Offered knowledge of Poison Arrow by Vehumet.
 27224 | Orc:2    | Found Kaiquvo's Antique Weapon Shoppe.
 27225 | Orc:2    | Found a roughly hewn altar of Beogh.
 27228 | Orc:2    | Found Ipsumiw's Antique Armour Emporium.
 27233 | Orc:2    | Bought a pair of glowing gloves for 180 gold pieces
 27429 | Orc:2    | Killed an orc warlord
 27627 | Orc:2    | Bought a +3 leather armour of poison resistance for 273 gold pieces
 27770 | Spider:1 | Entered Level 1 of the Spider Nest
 27827 | Spider:1 | Reached skill level 1 in Armour
 28025 | Spider:1 | Reached XP level 16. HP: 100/100 MP: 29/39
 28685 | Spider:2 | Offered knowledge of Spellforged Servitor by Vehumet.
 28761 | Spider:2 | Learned a level 7 spell: Spellforged Servitor
 28811 | Spider:2 | Reached skill level 1 in Summonings
 29409 | Spider:2 | Reached skill level 5 in Summonings
 30208 | Spider:3 | Offered knowledge of Orb of Destruction by Vehumet.
 30648 | Spider:4 | Entered Level 4 of the Spider Nest
 31131 | Spider:4 | Reached skill level 10 in Summonings
 31134 | Spider:4 | Identified the Tome of Captivating Calling
 31202 | Spider:4 | Reached skill level 10 in Fire Magic
 31419 | Spider:4 | Noticed Roxanne
 31425 | Spider:4 | Killed Roxanne
 31444 | Spider:4 | Learned a level 9 spell: Shatter
 32167 | Spider:4 | Reached XP level 17. HP: 70/104 MP: 1/40
 32347 | Spider:4 | Got a gossamer rune of Zot
 33298 | Shoals:1 | Entered Level 1 of the Shoals
 33516 | Shoals:1 | Offered knowledge of Fire Storm by Vehumet.
 33516 | Shoals:1 | Offered knowledge of Chain Lightning by Vehumet.
 33516 | Shoals:1 | Offered knowledge of Tornado by Vehumet.
 33516 | Shoals:1 | Reached skill level 10 in Earth Magic
 34082 | Shoals:1 | Noticed a kraken
 34090 | Shoals:1 | Killed a kraken
 34744 | Shoals:2 | Noticed a kraken
 34767 | Shoals:2 | Killed a kraken
 35931 | Shoals:4 | Entered Level 4 of the Shoals
 35991 | Shoals:4 | Noticed a kraken
 35997 | Shoals:4 | Killed a kraken
 36064 | Shoals:4 | Found a frozen archway.
 36075 | IceCv    | Entered an ice cave
 37138 | IceCv    | Learned a level 9 spell: Fire Storm
 37177 | IceCv    | Got a pair of crude boots
 37178 | IceCv    | Identified the +0 pair of boots "Baiq" {rF+ rCorr} (You found it in an ice cave)
 37180 | IceCv    | Identified Rimua's Disquisition on Beguiling
 37666 | Shoals:4 | Noticed Ilsuiw
 37668 | Shoals:4 | Killed Ilsuiw
 37679 | Shoals:4 | Reached XP level 18. HP: 81/110 MP: 10/43
 38597 | Shoals:4 | Identified the +8 fire dragon scales of Aminyirr {rF++ rC- Dex+3} (You found it on level 4 of the Shoals)
 38862 | Shoals:4 | Got a barnacled rune of Zot
 38998 | Vaults:1 | Entered Level 1 of the Vaults
 39489 | Vaults:1 | Reached skill level 15 in Earth Magic
 40867 | Vaults:2 | Got a pitted lead amulet
 40868 | Vaults:2 | Identified the amulet "Joloska" {+Blink rC- Regen+ Str+2 Int+4} (You acquired it on level 2 of the Vaults)
 41099 | Vaults:2 | Found Vurec's Book Shoppe.
 41614 | Vaults:2 | Reached XP level 19. HP: 98/114 MP: 20/44
 42252 | Vaults:2 | Got a fine pewter ring
 42253 | Vaults:2 | Identified the ring "Temir" {Fire *Corrode +Inv rPois Int+6} (You acquired it on level 2 of the Vaults)
 42649 | Vaults:2 | Got a twitching garnet amulet
 42650 | Vaults:2 | Identified the amulet "Upackem" {Harm *Drain rC+ rN+ Stlth-} (You found it on level 2 of the Vaults)
 42659 | Vaults:2 | Found a staircase to the Crypt.
 44273 | Vaults:3 | Killed from afar by an ice dragon

Skill      XL: |  1  2  3  4  5  6  7  8  9 10 11 12 13 14 15 16 17 18 19 |
---------------+----------------------------------------------------------+-----
Conjurations   | 5 7 10 11 12 13 | 13.6
Fighting       | 1 2 3 4 6 7 9 11 | 11.1
Dodging        | 6 9 14 | 14.9
Spellcasting   | 7 9 12 13 14 17 19 | 19.6
Hexes          | 3 5 |  5.9
Evocations     | 3 |  3.4
Charms         | 5 6 |  6.2
Earth Magic    | 7 8 12 17 19 | 19.8
Fire Magic     | 6 9 10 | 10.3
Shields        | 5 |  5.0
Armour         | 1 3 |  3.0
Summonings     | 10 | 10.0
Stealth        | |  2.4

Action                   |  1- 3 |  4- 6 |  7- 9 | 10-12 | 13-15 | 16-18 | 19-21 || total
-------------------------+-------+-------+-------+-------+-------+-------+-------++-------
Melee: Dagger            |     5 |       |       |       |       |       |       ||     5
       Short sword       |       |       |     2 |    32 |       |       |       ||    34
       Staff             |       |       |       |       |    84 |    20 |     2 ||   106
 Cast: Magic Dart        |    63 |    51 |   158 |   116 |       |       |       ||   388
       Searing Ray       |     2 |    12 |    40 |    69 |       |       |       ||   123
       Iskenderun's Myst |       |     1 |    22 |   158 |   265 |   227 |    13 ||   686
       Flame Tongue      |       |       |    31 |   203 |   196 |    55 |       ||   485
       Fulminant Prism   |       |       |     2 |     5 |       |       |       ||     7
       Mephitic Cloud    |       |       |       |     6 |     4 |       |       ||    10
       Shroud of Golubri |       |       |       |    11 |     3 |       |       ||    14
       Regeneration      |       |       |       |     3 |     2 |       |       ||     5
       Bolt of Fire      |       |       |       |     7 |   154 |   203 |    41 ||   405
       Lee's Rapid Decon |       |       |       |     3 |    20 |    20 |    23 ||    66
       Spectral Weapon   |       |       |       |     1 |       |       |       ||     1
       Iron Shot         |       |       |       |       |    47 |   204 |    33 ||   284
       Spellforged Servi |       |       |       |       |       |    69 |    23 ||    92
  Use: Scroll            |     6 |     3 |     4 |    21 |     5 |    16 |     4 ||    59
       Potion            |       |       |       |     6 |     6 |     8 |     1 ||    21
 Stab: Sleeping          |       |       |       |     1 |       |       |       ||     1
       Distracted        |       |       |       |       |       |     1 |       ||     1
  Eat: Chunk             |     1 |     6 |    12 |    23 |    55 |    48 |     8 ||   153
       Royal jelly       |       |       |       |     1 |     1 |       |       ||     2
       Fruit             |       |       |       |     1 |     2 |     4 |       ||     7
       Meat ration       |       |       |       |     1 |       |     3 |       ||     4
Armor: Robe              |     5 |     4 |     1 |    38 |    45 |    18 |     6 ||   117
       Leather armour    |       |       |    12 |     4 |     6 |   109 |       ||   131
Dodge: Dodged            |     9 |    13 |    74 |   158 |   267 |   368 |    26 ||   915
Block: Buckler           |       |       |       |       |    12 |    89 |     5 ||   106
